 Dungeon Crawl Stone Soup version 0.31-a0-145-g046c7d2549 (console) character file.

Game seed: 1039074185418331224

109 Ignak the Ogre Mage (level 4, 0/41 HPs)
             Began as an Ogre Hedge Wizard on June 6, 2023.
             Killed from afar by an orc wizard (4 damage)
             ... with a puff of flame
             ... on level 3 of the Dungeon.
             The game lasted 00:05:51 (2657 turns).

Ignak the Ogre Mage (Ogre Hedge Wizard)             Turns: 2657, Time: 00:05:52

Health: 0/41       AC:  4    Str: 14    XL:     4   Next: 90%
Magic:  7/10       EV:  9    Int: 17    God:
Gold:   173        SH:  0    Dex:  8    Spells: 3/11 levels left

rFire   . . .        a - +2 whip (venom)
rCold   . . .        (no shield)
rNeg    . . .        f - +0 robe
rPois   .            c - +1 hat
rElec   .            (no cloak)
rCorr   .            (gloves unavailable)
SInv    .            (boots unavailable)
Will    .....        (no amulet)
Stlth   +            (no ring)
HPRegen 0.26/turn    (no ring)
MPRegen 0.12/turn

%: no passive effects
@: no status effects
A: large, unfitting armour, tough skin 1
a: no special abilities


You were on level 3 of the Dungeon.
You visited 1 branch of the dungeon, and saw 3 of its levels.

You collected 173 gold pieces.

Inventory:

Hand Weapons
 a - a +2 whip of venom (weapon)
 b - a +0 flail
Missiles
 l - 2 poisoned darts (quivered)
Armour
 c - a +1 hat (worn)
 f - a +0 robe (worn)
Magical Staves
 i - a staff of conjuration
Scrolls
 h - a scroll of blinking
 j - a scroll of brand weapon
 k - 2 scrolls of teleportation
 n - a scroll of identify
Potions
 d - a potion of magic
 e - 3 potions of curing
 g - a potion of might {unknown}
 m - a potion of brilliance {unknown}
 o - a potion of ambrosia {unknown}


   Skills:
 + Level 1.6 Fighting
 * Level 1.8 Maces & Flails
 + Level 2.2 Dodging
 - Level 1.4 Stealth
 - Level 1.0 Unarmed Combat
 + Level 4.0 Spellcasting
 + Level 1.4 Conjurations
 - Level 0.8 Summonings
 + Level 1.5 Translocations
 + Level 0.3 Air Magic
 + Level 0.2 Poison Magic


You had 3 spell levels left.
You knew the following spells:

 Your Spells              Type           Power      Damage    Failure   Level
a - Magic Dart            Conj           32%        1d4       9%          1
b - Blink                 Tloc           16%        N/A       13%         2
d - Mephitic Cloud        Conj/Pois/Air  5%         N/A       34%         3
e - Call Imp              Summ           12%        N/A       17%         2

Your spell library contained the following spells:

 Spells                   Type           Power      Damage    Failure   Level
 Slow                     Hex            12%        N/A       16%         1
 Cigotuvi's Dreadful Rot  Necr/Pois/Air  8%         N/A       22%         2


Dungeon Overview and Level Annotations

Branches:
Dungeon (3/15)

Altars:


Innate Abilities, Weirdness & Mutations

You are too large for most types of armour.
You have tough skin. (AC +1)


Message History

Aim: a cerulean imp, wielding a -4 spear (summoned, friendly, not susceptible)
The ball explodes into a vile cloud!
The stinking cloud engulfs your cerulean imp but does no damage.
The stinking cloud engulfs the orc priest but does no damage.
The stinking cloud engulfs the orc but does no damage.
The orc is engulfed in noxious fumes.
The orc appears confused.
The orc priest closely misses your cerulean imp.
The orc wizard gestures wildly while chanting.
The orc wizard flickers and vanishes!
Deactivating autopickup; reactivate with Ctrl-A.
Your cerulean imp hits the orc but does no damage.
The orc hits you with a +0 club.
The orc is engulfed in noxious fumes.
The orc appears confused.
The orc priest hits your cerulean imp with a +0 club.
Your cerulean imp closely misses the orc priest.
You hit the orc.
The orc is heavily wounded.
The orc barely misses you.
The orc is engulfed in noxious fumes.
The orc appears confused.
The orc priest barely misses your cerulean imp.
Your cerulean imp barely misses the orc priest.
You barely miss the orc. You punch the orc.
You kill the orc!
Your cerulean imp barely misses the orc priest.
Unknown command.
Your cerulean imp barely misses the orc priest.
Things that are here:
a +0 club; an orc corpse The orc priest invokes the aid of Beogh against you.
Pain shoots through your body!
Your cerulean imp barely misses the orc priest.
You hit the orc priest.
The orc priest is moderately wounded.
The orc priest mumbles some strange prayers to Beogh against you.
Pain shoots through your body!
* * * LOW HITPOINT WARNING * * *
You hear some strange, mumbled words.
A puff of flame appears from out of thin air!
The puff of flame hits you.
You die... #o... #... ############## #oo

###### #............#
#.#######.....
##.#########.#######)........###.
#.# ##'#...5...........#... #.#
#.......##.......).#.## #.#
#....)o{##.........#... #.#
#.....@o###........#.## #.#
#.......# ##########... #.#
#.......##########.###. ##.#
#...................... ...#
##.......##########.#### ####
###...#.#############.###. #
#>...รท.................... #
#######)########........[. # #)#
#..........


You could see an orc priest (ally target), an orc (confused) and a friendly
cerulean imp (summoned).

Vanquished Creatures
  An orc wizard (D:3)
  2 adders
  3 orcs (D:3)
  A ball python (D:3)
  2 endoplasms
  A giant cockroach (D:2)
  5 goblins
  4 hobgoblins
  A quokka (D:3)
  7 bats
  3 frilled lizards
  2 kobolds
  3 rats
35 creatures vanquished.

Vanquished Creatures (collateral kills)
  An adder (D:2)
  3 worms
  2 orcs (D:3)
  A goblin (D:2)
  A quokka (D:2)
  A ball python (D:3)
  A kobold (D:3)
  A rat (D:2)
11 creatures vanquished.

Grand Total: 46 creatures vanquished

Notes
Turn   | Place    | Note
-------+----------+-------------------------------------------
     0 | D:1      | Ignak the Ogre Hedge Wizard began the quest for the Orb.
     0 | D:1      | Reached XP level 1. HP: 16/16 MP: 5/5
   143 | D:1      | Reached skill level 1 in Conjurations
   236 | D:1      | Reached skill level 1 in Translocations
   367 | D:1      | Reached XP level 2. HP: 26/26 MP: 6/6
   374 | D:1      | Learned a level 2 spell: Blink
   377 | D:1      | Learned a level 2 spell: Call Imp
  1004 | D:2      | Reached skill level 1 in Fighting
  1004 | D:2      | Reached XP level 3. HP: 33/33 MP: 5/8
  1021 | D:2      | Learned a level 3 spell: Mephitic Cloud
  1226 | D:2      | Reached skill level 1 in Maces & Flails
  1226 | D:2      | You fall into a shaft and drop 1 floor!
  1418 | D:2      | Found a faded altar of an unknown god.
  1654 | D:2      | Reached skill level 1 in Unarmed Combat
  1874 | D:3      | Reached XP level 4. HP: 41/41 MP: 6/9
  2296 | D:3      | Reached skill level 4 in Spellcasting
  2657 | D:3      | Killed from afar by an orc wizard

Illustrated notes

Levels and vault maps discovered:
D:1:      matt_arrival_refuge, layout_loops_ring, minmay_misc_feat_cross,
          minmay_misc_feat_pillars, chequers_serial_rivers_small_3
D:2:      layout_basic, dreamdust_ecumenical_altar_statues, st_stairs_14
D:3:      layout_basic, minmay_misc_feat_ornament

Skill      XL: |  1  2  3  4 |
---------------+-------------+-----
Conjurations   | 1 |  1.4
Translocations | 1 |  1.5
Fighting       | 1 |  1.6
Dodging        | 2 |  2.2
Maces & Flails | 1 |  1.8
Unarmed Combat | 1 |  1.0
Spellcasting   | 4 |  4.0
Stealth        | |  1.4
Summonings     | |  0.8
Air Magic      | |  0.3
Poison Magic   | |  0.2

Action                     |  1- 3 |  4- 6 || total
---------------------------+-------+-------++-------
  Melee: Unarmed           |    67 |       ||    67
         Punch             |     3 |     1 ||     4
         Club              |    27 |       ||    27
         Staff             |    34 |       ||    34
         Flail             |    37 |       ||    37
         Whip              |       |    32 ||    32
  Throw: Dart              |     2 |       ||     2
   Cast: Magic Dart        |     4 |       ||     4
         Call Imp          |    10 |     4 ||    14
         Mephitic Cloud    |       |     1 ||     1
    Use: Scroll            |     5 |     1 ||     6
         Potion            |     1 |       ||     1
   Stab: Sleeping          |       |     1 ||     1
 Armour: Robe              |    98 |     8 ||   106
  Dodge: Dodged            |   113 |    15 ||   128

Table legend: (Time is in decaauts)
 A = Elapsed time spent in this place.
 B = Non-inter-level travel time spent in this place.
 C = Inter-level travel time spent in this place.
 D = Time resting spent in this place.
 E = Time spent auto-exploring this place.
 F = Levels seen in this place.
 G = Mean time per level.
                   A        B        C        D        E       F      G
               +--------+--------+--------+--------+--------+-----+--------+
         Total |   2682 |   2611 |     71 |      6 |   1799 |   3 |  894.0 |
       Dungeon |   2682 |   2611 |     71 |      6 |   1799 |   3 |  894.0 |
               +--------+--------+--------+--------+--------+-----+--------+

Top non-repeatable levels by time:
     D:3: 998 daAuts
     D:1: 906 daAuts
     D:2: 778 daAuts
